 Dungeon Crawl Stone Soup version 0.32-a0-933-ga8fa3634e4 (webtiles) character file.

Game seed: 5308952723111276007

32 kurowlyz the Trooper (level 3, -4/24 HPs)
             Began as a Gargoyle Monk on Apr 14, 2024.
             Slain by dunno567's ghost (13 damage)
             ... on level 3 of the Dungeon.
             The game lasted 00:06:26 (844 turns).

kurowlyz the Trooper (Gargoyle Monk)                 Turns: 844, Time: 00:06:26

Health: -4/24      AC:  6    Str: 16    XL:     3   Next: 27%
Magic:  3/3        EV: 11    Int: 10    God:
Gold:   63         SH:  0    Dex: 12    Spells: 2/2 levels left

rFire   . . .        a - +1 spear
rCold   . . .        d - orb {light}
rNeg    + . .        g - +0 leather armour
rPois   ∞            (no helmet)
rElec   +            (no cloak)
rCorr   .            (no gloves)
SInv    .            (no boots)
Will    .....        (no amulet)
Stlth   +            (no ring)
HPRegen 0.24/turn    (no ring)
MPRegen 0.08/turn

%: no passive effects
@: glowing
A: sickness immunity, AC +3, negative energy resistance 1, electricity
resistance, torment resistance 1, petrification resistance
a: no special abilities


You were on level 3 of the Dungeon.
You visited 1 branch of the dungeon, and saw 3 of its levels.

You collected 63 gold pieces.

Inventory:

Hand Weapons
 a - a +1 spear (weapon)
Missiles
 c - 3 stones (quivered)
Armour
 b - a +0 robe
 d - an orb of light (worn)
 e - a +0 cloak
 g - a +0 leather armour (worn)
Wands
 h - a wand of roots (13)
Scrolls
 f - 2 scrolls of teleportation
 i - a scroll of amnesia


   Skills:
 + Level 3.6 Fighting
 + Level 3.2 Polearms
 + Level 2.8 Dodging


You had 2 spell levels left.
You didn't know any spells.
Your spell library was empty.

Dungeon Overview and Level Annotations

Branches:
Dungeon (3/15)

Altars:

Shops:
D:2 (

Annotations:
D:3 dunno567's ghost, amateur FoFi


Innate Abilities, Weirdness & Mutations

You are immune to sickness and miasma.
Your stone body is resilient. (AC +3)
You are immune to poison.
You resist negative energy. (rN+)
You are resistant to electric shocks. (rElec)
You are resistant to unholy torment.
You are immune to petrification.


Message History

You can't go up here!
You can't go down here!
There is a transporter landing site here.
Unknown command.
Throw: 3 stones
Press: ? - help, Q - select action, (/) - cycle Shift-Dir - straight line, f - you That would be overly suicidal.
Okay, then.
There is a transporter landing site here.
You can't go up here!
Dunno567's ghost shrieks, "Death is your only future!"
There is a transporter landing site here.
Unknown command.
Okay, then.
Reach: a) +1 spear
Press: ? - help, Dir - move target You can't get through.
Okay, then.
There is a transporter landing site here.
Unknown command.
Dunno567's ghost says, "You can hit me, but you can't hurt me."
There is a transporter here.
You enter the transporter and appear at another place.
You see here a +0 cloak.
Dunno567's ghost attacks as it pursues you!
Dunno567's ghost hits you. Dunno567's ghost stares at you.
There is a transporter here.
You hit dunno567's ghost.
Dunno567's ghost is lightly damaged.
Dunno567's ghost hits you!
Ouch! That really hurt!
You hit dunno567's ghost but do no damage.
Dunno567's ghost is lightly damaged.
Dunno567's ghost closely misses you.
Okay, then.
You enter the transporter and appear at another place.
Dunno567's ghost hits you!
Ouch! That really hurt!
You die...

....).# #############
#.....# #.....©..O.§#
...#..# #.#..#.#..#.#
#..#..# #..##...##..#
......# #..##...##..#
...#### #.#..#.#..#.#
...#######....$).....##
....)....##############
...#####......©.@.....###
...# ##.........W.......#
.#.##....####.#.##.####.#
##.......# #.#.........#
#.#...... ....#..#.##.#
##....<..# ##.###..#.##.#
~~~~~..#.# #.. .........
~~≈~~~...# #####..####.#
~~≈≈~~~~## ###. ..#


You could see dunno567's ghost.

Vanquished Creatures
  5 orcs (D:3)
  2 ball pythons (D:2)
  3 bats
  4 endoplasms
  A giant cockroach (D:2)
  2 goblins
  2 hobgoblins
  A kobold (D:1)
  A frilled lizard (D:1)
  2 rats
23 creatures vanquished.

Notes
Turn   | Place    | Note
-------+----------+-------------------------------------------
     0 | D:1      | kurowlyz the Gargoyle Monk began the quest for the Orb.
     0 | D:1      | Reached XP level 1. HP: 14/14 MP: 1/1
   122 | D:1      | You fall into a shaft and drop 1 floor!
   140 | D:2      | Reached XP level 2. HP: 19/19 MP: 2/2
   146 | D:2      | Found Laekh's Antique Weapon Shop.
   677 | D:3      | Reached XP level 3. HP: 12/24 MP: 3/3
   796 | D:3      | Found a transporter.
   797 | D:3      | Noticed dunno567's ghost (amateur FoFi)
   797 | D:3      | Identified the +5 great mace of Nunum {holy, Int+4}
   797 | D:3      | Noticed an ogre
   825 | D:3      | Found a transporter.
   844 | D:3      | Slain by dunno567's ghost

Illustrated notes

Levels and vault maps discovered:
D:1:      dpeg_arrival_simpleton_a, layout_rooms, dreamdust_wishing_well,
          serial_bayou_ford_a
D:2:      layout_basic, serial_shops, shop, ebering_dispersal_statue_hall,
          minmay_tall_x
D:3:      cheibrodos_thug_alley, layout_loops_cross, tgw_sif, serial_shops,
          nicolae_shop_tiny_waterfront, gammafunk_ghost_smash,
          portal_sewer_entry_e, st_stairs_1

Skill      XL: |  1 |
---------------+----+-----
Polearms       | 3 |  3.2
Fighting       | |  3.6
Dodging        | |  2.8

Action                     || total
---------------------------++-------
  Melee: Spear             ||    72
    Use: Scroll            ||     7
         Potion            ||     2
 Armour: Robe              ||    25
         Leather armour    ||    21
  Dodge: Dodged            ||    41

Table legend: (Time is in decaauts)
 A = Elapsed time spent in this place.
 B = Non-inter-level travel time spent in this place.
 C = Inter-level travel time spent in this place.
 D = Time resting spent in this place.
 E = Time spent auto-exploring this place.
 F = Levels seen in this place.
 G = Mean time per level.
                   A        B        C        D        E       F      G
               +--------+--------+--------+--------+--------+-----+--------+
         Total |    826 |    826 |      0 |    104 |      0 |   3 |  275.3 |
       Dungeon |    826 |    826 |      0 |    104 |      0 |   3 |  275.3 |
               +--------+--------+--------+--------+--------+-----+--------+

Top non-repeatable levels by time:
     D:2: 512 daAuts
     D:3: 192 daAuts
     D:1: 121 daAuts
